Map: [ESL] Inside and Out

Players

PattyMac - Winner!

  • Race: Protoss Protoss
  • Spawn Location: 7:00

Maplez

  • Race: Protoss Protoss
  • Spawn Location: 1:00

Event: DreamHack SC2 Masters 2022 Valencia

VOD

Have the link to the VOD?

Description

Time

  • Played on: July 1, 2022, 6:23 a.m.
  • Length: 6:13

All games in this series

Show
View Real Time Build Order
Export as new Build Order

PattyMac Protoss - Winner!

Build Orders: Blink Stalkers 

Get SALT Encoding   

  12  0:00  Probe  
  13  0:12  Probe  
  14  0:16  Pylon  
  14  0:24  Probe (Chrono Boost)  
  16  0:36  Probe (Chrono Boost)  
  16  0:38  Gateway  
  16  0:41  Probe (Chrono Boost)  
  16  0:45  Assimilator  
  17  0:51  Probe (Chrono Boost)  
  17  0:53  Assimilator  
  18  1:04  Probe (Chrono Boost)  
  19  1:09  Gateway  
  19  1:13  Probe (Chrono Boost)  
  20  1:19  Probe  
  20  1:24  Cybernetics Core  
  21  1:31  Probe  
  22  1:36  Pylon  
  22  1:44  Probe  
  23  2:01  Robotics Facility  
  23  2:03  Stalker  
  23  2:06  Stalker  
  27  2:10  Warp Gate  
  27  2:33  Stalker  
  27  2:36  Stalker  
  31  2:45  Pylon  
  31  2:56  Twilight Council  
  31  3:05  Probe  
  31  3:11  Pylon  
  31  3:23  Nexus  
  31  3:26  Pylon  
  31  3:29  Blink (Chrono Boost)  
  31  3:44  Probe  
  32  3:56  Probe (Chrono Boost)  
  32  3:59  Stalker x2  
  37  4:06  Pylon  
  37  4:08  Probe (Chrono Boost)  
  38  4:15  Probe (Chrono Boost)  
  39  4:24  Stalker  
  39  4:25  Stalker, Probe (Chrono Boost)  
  44  4:35  Probe (Chrono Boost)  
  46  4:42  Probe (Chrono Boost)  
  44  4:46  Probe (Chrono Boost), Shield Battery  
  44  4:49  Probe (Chrono Boost)  
  44  4:51  Sentry x2  
  50  4:56  Probe  
  49  5:06  Probe  
  49  5:09  Probe (Chrono Boost)  
  49  5:10  Pylon  
  50  5:16  Stalker  
  50  5:17  Stalker  
  54  5:22  Pylon  
  54  5:29  Probe (Chrono Boost)  
  54  5:31  Probe (Chrono Boost)  
  56  5:35  Probe  
  56  5:37  Shield Battery  
  56  5:40  Stalker x2  
  61  5:43  Probe  
  61  5:46  Pylon  
  61  5:47  Probe  
  50  6:04  Stalker x2  
Show
View Real Time Build Order
Export as new Build Order

Maplez Protoss 

Build Orders: Oracle Opening 

Get SALT Encoding   

  12  0:00  Probe  
  13  0:12  Probe  
  14  0:17  Pylon  
  14  0:24  Probe (Chrono Boost)  
  15  0:36  Probe (Chrono Boost)  
  15  0:37  Gateway  
  16  0:43  Probe (Chrono Boost)  
  16  0:47  Assimilator  
  17  0:51  Probe  
  17  0:56  Assimilator  
  18  1:03  Probe (Chrono Boost)  
  19  1:09  Gateway  
  19  1:15  Probe (Chrono Boost)  
  20  1:19  Probe (Chrono Boost)  
  21  1:28  Cybernetics Core  
  21  1:31  Probe  
  22  1:40  Pylon  
  22  1:43  Probe  
  24  2:05  Stalker (Chrono Boost)  
  27  2:09  Stalker (Chrono Boost)  
  27  2:10  Stargate  
  27  2:17  Warp Gate  
  27  2:18  Probe  
  28  2:30  Probe  
  28  2:32  Stalker (Chrono Boost)  
  31  2:46  Pylon  
  30  3:02  Oracle (Chrono Boost)  
  33  3:09  Stalker  
  33  3:17  Gateway  
  33  3:29  Stalker  
  35  3:47  Shield Battery  
  35  3:54  Pylon  
  35  4:02  Pylon  
  35  4:12  Stalker x2  
  35  4:13  Stalker  
  35  4:16  Gateway  
  41  4:45  Stalker x3  
  42  5:08  Sentry x3  
  42  5:13  Pylon  
  48  5:17  Stalker  
  50  5:26  Stalker  
  52  5:35  Adept x2  
  52  5:36  Probe  
  53  5:43  Pylon  

Tags
 
Add a new tag
Caveats
  • Supply blocks, unpowered buildings, or Contaminate may cause inaccurate times.
  • Supply counts are checked every 10 seconds.